AoeStats
← sheldongriffinjohnson

Arena

508983000Analyzed
4v4 RM · 8d ago on Sep 24, 2026· 37m 4s· 8 players
Game mode
Random Map
Map size
Large (8 player)
Population
200
Speed
Normal
Resources
Standard
Victory
Conquest
Starting age
Dark Age
Ending age
Imperial Age
RankedLock teamsTeams togetherTeam positionsShared explorationLock speedFull tech treeHidden civsTurbo modeCheats
Victory
Defeat
🇵🇹 Byzantines · Portugal
806
+13
🇺🇸 Goths · United States
776
+15
🇷🇺 Saxons · Russia
771
+15
🇿🇦 Japanese · South Africa
711
+17
🇹🇼 Huns · Taiwan
856
-19
🇺🇸 Danes · United States
738
-15
🇨🇴 Bohemians · Colombia
695
-13
🇧🇷 Byzantines · Brazil
689
-13
Tetsuo
10:04 Feudal Age
10:30 Double-Bit Axe
15:57 Castle Age
14:55 Man-at-Arms
15:46 Horse Collar
16:35 Pikeman
17:25 Scale Mail Armor
20:44 Loom
21:00 Gold Mining
22:50 Wheelbarrow
22:52 Heavy Plow
25:58 Forging
26:04 Chain Mail Armor
26:27 Hand Cart
27:50 Anarchy
28:09 Bow Saw
30:38 Iron Casting
30:24 Fletching
31:53 Squires
34:27 Imperial Age
31:43 Town Watch
31:59 Elite Skirmisher
32:38 Bodkin Arrow
32:44 Padded Archer Armor
35:31 Conscription
34:36 Elite Huskarl
36:06 Crop Rotation
Light
12:08 Feudal Age
12:45 Double-Bit Axe
13:11 Horse Collar
17:13 Castle Age
14:59 Loom
15:34 Gold Mining
16:06 Town Watch
16:13 Fletching
17:45 Wheelbarrow
18:30 Bow Saw
18:40 Bodkin Arrow
33:07 Imperial Age
32:30 Ballistics
32:06 Murder Holes
35:05 Chemistry
34:18 Siege Engineers
34:49 Bracer
35:08 Scale Mail Armor
35:19 Forging
34:31 Pikeman
35:12 Squires
34:59 Arson
37:03 Halberdier
Timor Primus
8:46 Loom
15:14 Feudal Age
16:56 Horse Collar
16:48 Man-at-Arms
17:23 Double-Bit Axe
23:55 Castle Age
22:16 Arson
22:36 Scale Mail Armor
22:47 Forging
23:52 Gold Mining
25:13 Wheelbarrow
25:41 Chain Mail Armor
27:19 Heavy Plow
28:41 Squires
30:15 Hand Cart
30:01 Fletching
35:03 Imperial Age
32:56 Ballistics
33:45 Long Swordsman
33:46 Pikeman
34:59 Fortified Wall
34:56 Treadmill Crane
35:21 Husbandry
35:34 Scale Barding Armor
36:04 Iron Casting
37:32 Chemistry
sheldongriffinjohnson
12:10 Feudal Age
13:45 Double-Bit Axe
16:34 Wheelbarrow
19:49 Castle Age
22:39 Horse Collar
23:31 Gold Mining
28:22 Hand Cart
34:30 Imperial Age
34:17 Heavy Plow
35:45 Elite Samurai
35:56 Capped Ram
36:52 Town Watch
36:57 Loom
37:21 Caravan
38:09 Gold Shaft Mining
37:25 Stone Mining
Strive4Richs601
11:46 Feudal Age
15:03 Double-Bit Axe
19:49 Castle Age
18:04 Horse Collar
18:24 Gold Mining
18:52 Stone Mining
24:06 Wheelbarrow
23:19 Gambesons
23:29 Fletching
23:05 Elite Skirmisher
26:05 Bodkin Arrow
27:37 Murder Holes
27:52 Masonry
32:09 Heavy Plow
droidebhz
2:37 Loom
13:00 Feudal Age
18:29 Castle Age
17:08 Wheelbarrow
16:46 Double-Bit Axe
20:45 Horse Collar
26:13 Heavy Plow
27:52 Scale Mail Armor
31:23 Gold Mining
33:33 Bow Saw
32:52 Pikeman
33:33 Squires
34:12 Light Cavalry
34:54 Husbandry
36:18 Redemption
小草頂呱呱
10:32 Feudal Age
16:28 Castle Age
20:10 Horse Collar
23:11 Fletching
23:49 Heavy Plow
26:04 Bodkin Arrow
26:45 Husbandry
27:04 Gold Mining
27:07 Double-Bit Axe
27:33 Marauders
29:28 Gold Shaft Mining
29:37 Bloodlines
29:31 Stone Mining
30:05 Scale Barding Armor
30:54 Ballistics
31:12 Thumb Ring
32:45 Forging
36:48 Imperial Age
EL THANOS
0:38 Loom
12:05 Feudal Age
12:38 Double-Bit Axe
20:56 Castle Age
18:47 Horse Collar
22:05 Bow Saw
22:28 Heavy Plow
27:00 Wagenburg Tactics
33:18 Imperial Age
33:25 Imperial Age
33:28 Wheelbarrow
35:06 Chemistry
34:27 Ballistics
34:18 Masonry
34:58 Padded Archer Armor
34:48 Fletching
34:58 Heavy Scorpion
35:59 Hand Cart
37:04 Two-Man Saw
35:48 Houfnice
Connection lost

Rejoining the realm…

Still unreachable

The connection could not be restored.

Session expired

The server has moved on; the page needs a fresh start.